 Dungeon Crawl Stone Soup version 0.30.1-11-g7821555f0a (webtiles) character file.

Game seed: 9762630379542043377

373 KittyFluff the Cudgeller (level 6, -2/58 HPs)
             Began as a Gargoyle Berserker on Nov 8, 2023.
             Was a Priest of Trog.
             Slain by Pikel
             ... wielding a +2 whip of flaming
              (3 damage)
             ... on level 5 of the Dungeon.
             The game lasted 00:12:42 (3972 turns).

KittyFluff the Cudgeller (Gargoyle Berserker)       Turns: 3972, Time: 00:12:43

Health: -2/58      AC:  9    Str: 23    XL:     6   Next: 71%
Magic:  6/6        EV: 12    Int:  7    God:    Trog [***...]
Gold:   268        SH:  0    Dex: 15    Spells: 5/5 levels left

rFire   + . .        a - +0 mace
rCold   . . .        (no shield)
rNeg    + . .        c - +0 leather armour
rPois   ∞            (no helmet)
rElec   +            (no cloak)
rCorr   .            g - +0 pair of gloves
SInv    .            (no boots)
Will    .....        (no amulet) Stlth
                     l - ring of protection from fire
HPRegen 0.29/turn    s - +6 ring of dexterity
MPRegen 0.10/turn

%: no passive effects
@: berserking (expiring), very quick
A: sickness immunity, AC +4, negative energy resistance 1, electricity
resistance, torment resistance 1, petrification resistance
a: Renounce Religion, Berserk, Trog's Hand


You were on level 5 of the Dungeon.
You worshipped Trog.
Trog was most pleased with you.
You visited 1 branch of the dungeon, and saw 5 of its levels.

You collected 268 gold pieces.

Inventory:

Hand Weapons
 a - a +0 mace (weapon)
Missiles
 h - 3 boomerangs (quivered)
 k - a boomerang of dispersal
Armour
 c - a +0 leather armour (worn)
 g - a +0 pair of gloves (worn)
 i - a +2 chain mail of cold resistance
Jewellery
 e - a ring of ice
 l - a ring of protection from fire (left hand)
 s - a +6 ring of dexterity (right hand)
Wands
 n - a wand of charming (15)
Scrolls
 b - 2 scrolls of blinking {unknown}
 f - 3 scrolls of identify {unknown}
 o - a scroll of fear {unknown}
Potions
 d - a potion of heal wounds {unknown}
 j - a potion of attraction {unknown}
 m - 2 potions of haste {unknown}
 p - 2 potions of mutation {unknown}
 q - a potion of lignification {unknown}
 r - a potion of degeneration {unknown}


   Skills:
 + Level 4.3 Fighting
 * Level 4.7 Maces & Flails
 * Level 4.3 Armour
 + Level 2.6 Dodging
 + Level 2.1 Stealth


You had 5 spell levels left.
You didn't know any spells.
Your spell library was empty.

Dungeon Overview and Level Annotations

Branches:
Dungeon (5/15)             Temple (0/1) D:4

Altars:
Ashenzari
Hepliaklqana

Shops:
D:4 [

Annotations:
D:4 Sigmund
D:5 Pikel


Innate Abilities, Weirdness & Mutations

You are immune to sickness and miasma.
Your stone body is resilient. (AC +4)
You are immune to poison.
You resist negative energy. (rN+)
You are resistant to electric shocks. (rElec)
You are resistant to unholy torment.
You are immune to petrification.


Message History

Pikel is moderately wounded.
Pikel hits you with a +2 whip of flaming.
* * * LOW HITPOINT WARNING * * *
The lemure hits you.
* * * LOW HITPOINT WARNING * * *
The lemure hits you.
* * * LOW HITPOINT WARNING * * *
You barely miss Pikel.
Pikel is moderately wounded.
Pikel hits you but does no damage. The lemure misses you.
The lemure hits you but does no damage.
You hit Pikel.
Pikel is moderately wounded.
You sock Pikel!
Pikel is heavily wounded.
Pikel completely misses you. The lemure hits you.
* * * LOW HITPOINT WARNING * * *
The lemure hits you but does no damage.
You hit Pikel.
Pikel is heavily wounded.
The lemure hits you.
* * * LOW HITPOINT WARNING * * *
Pikel hits you but does no damage. The lemure hits you.
* * * LOW HITPOINT WARNING * * *
You barely miss Pikel.
Pikel is heavily wounded.
You closely miss Pikel.
Pikel is heavily wounded.
Pikel hits you but does no damage. The lemure completely misses you.
The lemure misses you.
You sock Pikel!
Pikel is severely wounded.
Pikel misses you. The lemure hits you.
* * * LOW HITPOINT WARNING * * *
The lemure hits you.
* * * LOW HITPOINT WARNING * * *
You closely miss Pikel.
Pikel is severely wounded.
Pikel hits you with a +2 whip of flaming.
You die... ############### .....55@K...... ..####5######## #5 #. #. #. #. #.

You could see Pikel and 4 lemures.

Vanquished Creatures
  2 scorpions (D:4)
  A howler monkey (D:4)
  A hound (D:4)
  3 gnolls (D:4)
  3 adders
  A shadow imp (D:4)
  2 worms
  A dart slug (D:1)
  16 orcs
  11 ball pythons
  10 endoplasms
  4 giant cockroaches
  5 goblins
  12 hobgoblins
  7 quokkas
  2 bats (D:1)
  4 frilled lizards
  5 kobolds
  4 rats
94 creatures vanquished.

Notes
Turn   | Place    | Note
-------+----------+-------------------------------------------
     0 | D:1      | KittyFluff the Gargoyle Berserker began the quest for the
                  | Orb.
     0 | D:1      | Reached XP level 1. HP: 14/14 MP: 1/1
   102 | D:1      | Reached XP level 2. HP: 14/19 MP: 2/2
   645 | D:1      | Reached XP level 3. HP: 23/23 MP: 3/3
   702 | D:1      | Found Duycakhlo's Magic Scroll Emporium.
   897 | D:1      | Found a faded altar of an unknown god.
  1045 | D:1      | Reached ** piety under Trog
  1593 | D:2      | Reached XP level 4. HP: 26/29 MP: 4/4
  2235 | D:3      | Found a broken altar of Ashenzari.
  2239 | D:3      | Saw a vision of the Swamp and the Snake Pit.
  2239 | D:3      | Noticed a naga
  2239 | D:3      | Noticed a swamp drake
  2239 | D:3      | Noticed a shock serpent
  2239 | D:3      | Noticed a vampire mosquito
  2239 | D:3      | Noticed a tyrant leech
  2239 | D:3      | Noticed a salamander
  2239 | D:3      | Noticed an anaconda
  2239 | D:3      | Noticed a bloated husk
  2240 | D:3      | Noticed a swamp drake
  2241 | D:3      | Noticed a naga
  2241 | D:3      | Noticed a spriggan druid
  2374 | D:3      | Found a hazy altar of Hepliaklqana.
  2534 | D:3      | Reached XP level 5. HP: 28/33 MP: 5/5
  3041 | D:4      | Noticed Sigmund
  3150 | D:4      | Reached skill level 1 in Stealth
  3292 | D:4      | Found Kohivuac's Armour Shoppe.
  3413 | D:4      | Found a staircase to the Ecumenical Temple.
  3427 | D:4      | Reached XP level 6. HP: 25/38 MP: 6/6
  3554 | D:4      | Reached *** piety under Trog
  3957 | D:5      | Entered Level 5 of the Dungeon
  3957 | D:5      | Noticed Pikel
  3971 | D:5      | HP: 1/58 [lemure[Pikel] (2)]
  3972 | D:5      | Slain by Pikel

Illustrated notes

Levels and vault maps discovered:
D:1:      dpeg_arrival_stone_temple_mockup, layout_basic, serial_shops, shop,
          shapermc_ecumenical_altar_venn, minmay_vboxes
D:2:      layout_loops_corners
D:3:      layout_basic, old_standard_altar, grunt_ashenzari_visionary
          [grunt_ashenzari_visionary_swamp, grunt_ashenzari_visionary_snake]
D:4:      layout_rooms, minmay_temple_entry_statues_pillars, serial_shops,
          nicolae_shop_hallway_stairs, minmay_misc_feat_chi,
          corexii_hall_statues_x, uniq_sigmund
D:5:      layout_loops_ring, enter_ossuary_5, uniq_pikel

Skill      XL: |  1  2  3  4  5  6 |
---------------+-------------------+-----
Armour         | 3 4 |  4.3
Dodging        | 2 |  2.6
Maces & Flails | 4 |  4.7
Fighting       | 4 |  4.3
Stealth        | 1 2 |  2.1

Action                     |  1- 3 |  4- 6 || total
---------------------------+-------+-------++-------
  Melee: Mace              |   122 |   245 ||   367
         Punch             |       |     2 ||     2
 Invoke: Berserk           |       |     1 ||     1
 Armour: Leather armour    |    58 |   123 ||   181
  Dodge: Dodged            |    63 |   150 ||   213
